 Dungeon Crawl Stone Soup version 0.28-a0-1447-ga5a8893891 (webtiles) character file.

Game seed: 7805558858838531301

2322 Hasart the Ruffian (level 9, -3/55 (59) HPs)
             Began as an Octopode Transmuter on Jan 10, 2022.
             Slain by a wight (16 damage)
             ... on level 7 of the Dungeon.
             The game lasted 00:13:48 (7792 turns).

Hasart the Ruffian (Octopode Transmuter)            Turns: 7792, Time: 00:13:48

HP:   -3/55 (59)    AC:  1    Str: 14    XL:     9   Next: 42%
MP:   11/13         EV: 14    Int: 15    God:
Gold: 242           SH:  0    Dex: 12    Spells: 11/14 levels left

rFire   . . .      SeeInvis .     - Unarmed
rCold   . . .      Faith    .   (no shield)
rNeg    . . .      Spirit   .   (helmet currently unavailable)
rPois   .          Reflect  .   (no amulet)
rElec   .          Harm     .   c - ring of wizardry
rCorr   +          Rampage  .   s - ring of resist corrosion
Will    .....                   (no ring)
Stlth   ++........              (no ring)
HPRegen 0.18/turn               (no ring)
MPRegen 0.13/turn               (no ring)
                                (no ring)
                                (no ring)

@: appendages, wereblooded, drained
A: tentacle spike 3, almost no armour, amphibious, 8 rings, camouflage 1,
gelatinous body 1, (nimble swimmer 1), tentacles
a: End Transformation


You were on level 7 of the Dungeon.
One of your tentacles had grown a beastly spike.
You visited 1 branch of the dungeon, and saw 7 of its levels.
You also visited: Ossuary.

You collected 242 gold pieces.

Inventory:

Missiles
 d - 2 throwing nets
 o - 6 javelins
Jewellery
 a - a ring of fire
 c - a ring of wizardry (left tentacle)
 s - a ring of resist corrosion (right tentacle)
Wands
 j - a wand of polymorph (8)
 n - a wand of digging (2)
 y - a wand of iceblast (19)
 B - a wand of mindburst (17)
Scrolls
 b - 4 scrolls of teleportation
 e - a scroll of enchant armour
 g - a scroll of silence {unknown}
 h - 2 scrolls of identify
 k - 3 scrolls of blinking
 v - 2 scrolls of amnesia
Potions
 f - 3 potions of flight
 i - 3 potions of resistance
 l - a potion of magic {unknown}
 m - a potion of brilliance {unknown}
 p - 3 potions of degeneration
 q - a potion of cancellation {unknown}
 r - a potion of curing
 t - a potion of mutation {unknown}
 u - a potion of heal wounds {unknown}
 w - 3 potions of haste
 x - 3 potions of might
 z - a potion of ambrosia {unknown}
 A - a potion of lignification {unknown}


   Skills:
 + Level 4.7 Fighting
 + Level 3.9 Throwing
 + Level 5.2 Dodging
 * Level 7.6 Unarmed Combat
 - Level 3.0 Spellcasting
 + Level 5.2 Transmutations
 + Level 2.5 Evocations


You had 11 spell levels left.
You knew the following spells:

 Your Spells              Type           Power      Damage    Failure   Level
a - Beastly Appendage     Tmut           34%        N/A       1%          1
b - Wereblood             Tmut           17%        N/A       1%          2

Your spell library contained the following spells:

 Spells                   Type           Power      Damage    Failure   Level
 Sandblast                Erth           4%         2d4       9%          1
 Spider Form              Tmut/Pois      10%        N/A       9%          3
 Ensorcelled Hibernation  Hex/Ice        4%         N/A       12%         2
 Gell's Gravitas          Tloc           2%         N/A       24%         3
 Lesser Beckoning         Tloc           2%         N/A       24%         3
 Teleport Other           Tloc           2%         N/A       24%         3
 Ice Form                 Ice/Tmut       10%        N/A       26%         4
 Ozocubu's Refrigeration  Ice            1%         4d5       100%        7
 Polar Vortex             Ice            1%         N/A       100%        9


Dungeon Overview and Level Annotations

Branches:
Dungeon (7/15)            Ossuary (visited)
 Temple: D:4-7

Altars:
Hepliaklqana
Kikubaaqudgha
Yredelemnul

Shops:
D:6 [

Annotations:
D:6 Maggie


Innate Abilities, Weirdness & Mutations

One of your tentacles has grown a beastly spike.
You cannot wear most types of armour.
You are amphibious.
You can wear up to eight rings at the same time.
Your skin changes colour to match your surroundings (Stealth+).
Your rubbery body absorbs attacks. (AC +1, EV +1)
((You are camouflaged when in or above water. (Stealth+)))
You have tentacles for arms and can constrict up to eight enemies at once.


Message History

A wight is wielding a +5 trident of freezing.
Found a scroll of blinking.
The wight barely misses you.
You tentacle-slap the wight but do no damage.
You grab the wight. You constrict the wight. The wight misses you.
You tentacle-slap the wight.
The wight is moderately damaged.
You constrict the wight. You bludgeon the wight!
You pierce the wight.
The wight is almost destroyed.
You constrict the wight.
You destroy the wight!
The wight hits you with a +4 scimitar.
You barely miss the wight. Your grab misses the wight.
You pierce the wight, but do no damage.
You squeeze the wight, but do no damage.
You howl as the wereblood boils in your veins!
The wight barely misses you.
The wight hits you from afar with a +5 trident of freezing!
You feel drained. The wight freezes you.
You closely miss the wight. You grab the wight.
You pierce the wight, but do no damage.
You squeeze the wight.
The wight is moderately damaged.
You constrict the wight, but do no damage.
The wight barely misses you. The wight hits you with a +4 scimitar!
You feel drained.
The wight hits you from afar with a +5 trident of freezing!
* * * LOW HITPOINT WARNING * * *
The wight freezes you.
* * * LOW HITPOINT WARNING * * *
You tentacle-slap the wight.
The wight is severely damaged.
You constrict the wight, but do no damage.
The wight misses you. The wight barely misses you.
Unknown command.
You tentacle-slap the wight but do no damage.
You pierce the wight, but do no damage.
You squeeze the wight.
The wight is severely damaged.
You constrict the wight.
The wight hits you from afar with a +5 trident of freezing!
You die...

...........##
............## ..
.....##......#
.?.
....###......#
#... ...##
#......## .....
..## ##......#
#..... ..#
#......## #......
.##
##.....)##.z.....
##
#.......@.z.....
###...$.z.......
###...........
##!.........
##.........
##.......#
#......##
#####..#


You could see 3 wights.

Vanquished Creatures
  Grinder (D:3)
  Sigmund (D:3)
  Menkaure (D:4)
  2 phantoms
  3 elf zombies (Ossuary)
  Blork the orc (D:5)
  3 scorpions
  2 water moccasin zombies (D:5)
  A wight (D:7)
  A hound (D:4)
  4 centaur zombies (Ossuary)
  3 orc priests
  3 centaur skeletons
  2 jellies (D:5)
  5 human zombies (Ossuary)
  Jessica (D:3)
  Natasha (thrice) (D:3)
  3 iguanas (D:4)
  6 orc wizards
  4 mummies
  Robin (D:3)
  7 adders
  A shadow imp (D:5)
  A white imp (D:7)
  An ufetubus (D:5)
  A worm (D:2)
  5 dart slugs
  14 orcs
  7 endoplasms
  4 giant cockroaches
  9 goblins
  5 hobgoblins
  3 jackals (D:1)
  3 quokkas
  8 ball pythons
  7 bats
  3 frilled lizards
  6 kobolds
  4 rats (D:1)
  A spectral hobgoblin (D:4)
141 creatures vanquished.

Notes
Turn   | Place    | Note
-------+----------+-------------------------------------------
     0 | D:1      | Hasart the Octopode Transmuter began the quest for the Orb.
     0 | D:1      | Reached XP level 1. HP: 13/13 MP: 3/3
   278 | D:1      | Reached XP level 2. HP: 1/18 MP: 5/5
  1046 | D:1      | Reached XP level 3. HP: 22/23 MP: 6/6
  1247 | D:1      | Learned a level 2 spell: Wereblood
  1626 | D:2      | Reached XP level 4. HP: 29/29 MP: 4/7
  1814 | D:3      | Noticed Jessica
  1821 | D:3      | Killed Jessica
  1865 | D:3      | Noticed Robin
  1881 | D:3      | Killed Robin
  1895 | D:3      | Reached skill level 4 in Unarmed Combat
  1901 | D:3      | Reached XP level 5. HP: 27/34 MP: 6/8
  2088 | D:3      | Noticed Natasha
  2100 | D:3      | Killed Natasha
  2407 | D:3      | Noticed Sigmund
  2416 | D:3      | Killed Sigmund
  2417 | D:3      | Reached XP level 6. HP: 25/41 MP: 8/10
  2614 | D:3      | Noticed Natasha
  2620 | D:3      | Killed Natasha
  2684 | D:3      | Noticed Grinder
  2693 | D:3      | Killed Grinder
  2694 | D:3      | Reached skill level 1 in Throwing
  2694 | D:3      | Reached skill level 5 in Unarmed Combat
  2694 | D:3      | Reached XP level 7. HP: 21/45 MP: 9/11
  2900 | D:3      | Noticed Natasha
  2911 | D:3      | Killed Natasha
  3249 | D:4      | Found a hazy altar of Hepliaklqana.
  3368 | D:4      | Found a sand-covered staircase.
  3482 | Ossuary  | Entered an ossuary
  3671 | Ossuary  | Reached skill level 6 in Unarmed Combat
  3671 | Ossuary  | Reached XP level 8. HP: 48/52 MP: 9/12
  4185 | D:4      | Noticed Menkaure
  4197 | D:4      | Killed Menkaure
  4515 | D:4      | Found an ancient bone altar of Kikubaaqudgha.
  5442 | D:4      | Reached skill level 1 in Evocations
  5710 | D:5      | Entered Level 5 of the Dungeon
  5786 | D:5      | Reached skill level 7 in Unarmed Combat
  5947 | D:5      | Reached XP level 9. HP: 43/59 MP: 11/13
  5960 | D:5      | Got the Papyrus of the Rocks and the Glacier
  6168 | D:5      | Reached skill level 5 in Dodging
  6415 | D:5      | Noticed Blork the orc
  6426 | D:5      | Killed Blork the orc
  6427 | D:5      | Reached skill level 5 in Transmutations
  7021 | D:6      | Noticed Maggie
  7336 | D:6      | HP: 2/59 [Maggie (1)]
  7338 | D:6      | Found Pinohaly's Antique Armour Emporium.
  7717 | D:7      | Found a basalt altar of Yredelemnul.
  7792 | D:7      | Slain by a wight

Illustrated notes

Levels and vault maps discovered:
D:1:      wander_arrival_lonely_grave, layout_basic
D:2:      layout_basic, nicolae_underground_beach
D:3:      layout_loops_ring, uniq_natasha, uniq_sigmund, uniq_grinder,
          uniq_jessica, uniq_robin
D:4:      layout_basic, lemuel_doored_altar,
          nicolae_hepliaklqana_monster_ancestors, gup_ossuary_entry_pyramid,
          uniq_menkaure
D:5:      layout_loops_ring, minmay_a_box_with_orc_wizards_in_it,
          uniq_blork_the_orc
D:6:      minmay_inner_zag, layout_rooms, amcnicky_altar_gilded,
          ebering_ghost_disaster_area, serial_shops, nicolae_shop_hallway_plus,
          kennysheep_generic_room_2, uniq_maggie
D:7:      layout_layer_cave, nicolae_qazlal_style_of_elements,
          mainiacjoe_overflow_paths, minitemple,
          minmay_temple_entry_butterflies, minmay_diced_spiral

Skill      XL: |  1  2  3  4  5  6  7  8  9 |
---------------+----------------------------+-----
Unarmed Combat | 4 5 6 7 |  7.6
Fighting       | 2 3 4 |  4.7
Dodging        | 3 4 5 |  5.2
Spellcasting   | 3 |  3.0
Transmutations | 3 4 5 |  5.2
Throwing       | 1 2 3 |  3.9
Evocations     | 1 2 |  2.5

Action                   |  1- 3 |  4- 6 |  7- 9 || total
-------------------------+-------+-------+-------++-------
Melee: Unarmed           |    79 |    66 |   253 ||   398
       Constrict         |    23 |    14 |    45 ||    82
       Tentacles         |    11 |    12 |    68 ||    91
       Punch             |     6 |     3 |    21 ||    30
       Kick              |     4 |     9 |    62 ||    75
 Cast: Beastly Appendage |     5 |     5 |    20 ||    30
       Wereblood         |     2 |     2 |    10 ||    14
  Use: Scroll            |       |       |    15 ||    15
       Potion            |       |       |     1 ||     1
 Stab: Sleeping          |    11 |     3 |     8 ||    22
Armor: Skin              |     8 |     3 |    25 ||    36
Dodge: Dodged            |    58 |    29 |   208 ||   295

Table legend: (Time is in decaauts)
 A = Elapsed time spent in this place.
 B = Non-inter-level travel time spent in this place.
 C = Inter-level travel time spent in this place.
 D = Time resting spent in this place.
 E = Time spent auto-exploring this place.
 F = Levels seen in this place.
 G = Mean time per level.
                   A        B        C        D        E       F      G
               +--------+--------+--------+--------+--------+-----+--------+
         Total |   7750 |   7593 |    157 |   1379 |   5149 |   8 |  968.8 |
       Dungeon |   7228 |   7071 |    157 |   1104 |   5015 |   7 | 1032.6 |
       Ossuary |    522 |    522 |      0 |    275 |    134 |   1 |  522.0 |
               +--------+--------+--------+--------+--------+-----+--------+

Top non-repeatable levels by time:
     D:4: 1946 daAuts
     D:5: 1526 daAuts
     D:3: 1476 daAuts
     D:1: 1345 daAuts
 Ossuary: 522 daAuts
     D:7: 444 daAuts
     D:2: 391 daAuts
     D:6: 98 daAuts
